 Dungeon Crawl Stone Soup version 0.19.5 (webtiles) character file.

152 gbos the Chopper (level 5, -1/46 HPs)
             Began as a Deep Dwarf Fighter on May 7, 2017.
             Slain by an ogre
             ... wielding a +0 giant spiked club
              (19 damage)
             ... on level 4 of the Dungeon.
             The game lasted 00:05:12 (2240 turns).

gbos the Chopper (Deep Dwarf Fighter)               Turns: 2240, Time: 00:05:13

Health: -1/46      AC:  6    Str: 21    XL:     5   Next: 11%
Magic:  5/5        EV:  9    Int:  8    God:
Gold:   180        SH:  0    Dex: 12    Spells: 0 memorised, 4 levels left

rFire  . . .     SeeInvis .     a - +0 war axe
rCold  . . .     Gourm    .     b - +0 scale mail
rNeg   . . .     Faith    .     (no shield)
rPois  .         Spirit   .     (no helmet)
rElec  .         Reflect  .     (no cloak)
rCorr  .         Harm     .     (no gloves)
MR     .....                    (no boots)
Stlth  ..........               (no amulet)
                                (no ring)
                                (no ring)

@: non-regenerating
A: damage resistance, recharge devices, sense surroundings 1, slow regeneration
3
a: Device Recharging


You were on level 4 of the Dungeon.
You were not hungry.

You visited 1 branch of the dungeon, and saw 4 of its levels.

You collected 180 gold pieces.

Inventory:

Hand Weapons
 a - a +0 war axe (weapon)
Armour
 b - a +0 scale mail (worn)
 c - a +0 shield
Jewellery
 g - an uncursed amulet of the gourmand {unknown}
Wands
 e - a wand of heal wounds (2/9)
Scrolls
 k - 2 scrolls of identify {unknown}
 n - 2 scrolls of magic mapping {unknown}
 o - 2 scrolls of fog {unknown}
 p - a scroll of immolation {unknown}
 r - 3 scrolls of remove curse {unknown}
 w - a scroll of blinking {unknown}
Potions
 d - a potion of might
 h - 3 potions of berserk rage {unknown}
 i - 4 potions of curing {unknown}
 j - a potion of brilliance {unknown}
 q - a potion of beneficial mutation {unknown}
 s - a potion of agility {unknown}
 x - a potion of lignification {unknown}
 z - a potion of heal wounds {unknown}
Comestibles
 f - 2 bread rations
 l - 3 meat rations
 m - 2 beef jerkies
 t - a slice of pizza
 u - a chunk of flesh
 v - a royal jelly


   Skills:
 - Level 2.6 Fighting
 + Level 5.9 Axes
 - Level 3.2 Armour
 - Level 3.2 Shields


You had 4 spell levels left.
You didn't know any spells.

Dungeon Overview and Level Annotations

Branches:
Dungeon (3/15)

Altars:
Ashenzari
Dithmenos
Xom
Zin


Innate Abilities, Weirdness & Mutations

You are resistant to damage.
You can recharge devices by infusing magical energy.
You passively map a small area around you.
You do not regenerate.


Message History

A worker ant is nearby!
An ogre comes into view. It is wielding a giant spiked club.
The ogre shouts!
An ooze comes into view.
The ooze quivers.
You hit the worker ant.
The worker ant is lightly wounded.
The worker ant barely misses you. The worker ant bites you.
You hit the worker ant.
The worker ant is moderately wounded.
The worker ant bites you.
You hit the worker ant but do no damage.
The worker ant is moderately wounded.
The worker ant bites you. The worker ant barely misses you.
Okay, then.
You slash the worker ant!
The worker ant is severely wounded.
The worker ant bites you.
The ogre hits you with a giant spiked club!!
You die...

##..#...#.......# ,
,,,...+...'..._...+ *
***#.#...#.......# *
####..#.##.......# ##
#.......#.........#...
####.####..#⌠.##+#..⌠#...
.....# ##.###....###..##
###'.#####....#.$.#.....#
*
...#..........#.@O#......
,
#'.#..###.....##a#.......,
.#.#.## #........J.......
.#.#.# #................
.#.#.####...........!....*
.#.#.....................
#'.#..####..........)...#*
...#..# ##.....##.....##
###'..# #######*######


You could see an ogre, a worker ant and an ooze.

Vanquished Creatures
  Jessica (D:2)
  3 gnolls (D:3)
  3 adders
  An adder skeleton (D:4)
  A worm (D:2)
  2 dart slugs
  2 orcs (D:3)
  2 ball pythons
  2 giant cockroaches
  11 goblins
  6 hobgoblins
  4 jackals (D:1)
  A quokka (D:3)
  4 bats
  3 frilled lizards
  8 kobolds
  4 rats
58 creatures vanquished.

Notes
Turn   | Place    | Note
-------+----------+-------------------------------------------
     0 | D:1      | gbos the Deep Dwarf Fighter began the quest for the Orb.
     0 | D:1      | Reached XP level 1. HP: 20/20 MP: 1/1
   157 | D:1      | Reached skill level 3 in Axes
   157 | D:1      | Reached XP level 2. HP: 27/27 MP: 2/2
   979 | D:2      | Reached XP level 3. HP: 24/33 MP: 3/3
   994 | D:2      | Noticed Jessica
   996 | D:2      | Killed Jessica
   996 | D:2      | Reached skill level 4 in Axes
  1132 | D:2      | Reached XP level 4. HP: 29/40 MP: 4/4
  1451 | D:2      | Reached skill level 5 in Axes
  1910 | D:3      | Found a shadowy altar of Dithmenos.
  1974 | D:3      | Found a glowing silver altar of Zin.
  1974 | D:3      | Found a shimmering altar of Xom.
  1974 | D:3      | Noticed an angel
  1992 | D:3      | Reached XP level 5. HP: 27/46 MP: 5/5
  2182 | D:3      | You fall through a shaft!
  2182 | D:4      | Found a shattered altar of Ashenzari.
  2234 | D:4      | Noticed an ogre
  2240 | D:4      | Slain by an ogre

Skill      XL: |  1  2  3  4 |
---------------+-------------+-----
Axes           | 3 4 5 |  5.9
Fighting       | |  2.6
Armour         | |  3.2
Shields        | |  3.2

Action                   |  1- 3 |  4- 6 || total
-------------------------+-------+-------++-------
Melee: War axe           |    74 |    95 ||   169
Evoke: Wand              |       |     3 ||     3
  Use: Scroll            |     1 |       ||     1
       Potion            |       |     2 ||     2
  Eat: Chunk             |     1 |     3 ||     4
Armor: Scale mail        |    35 |    35 ||    70
Dodge: Dodged            |    54 |    59 ||   113
